 Dungeon Crawl Stone Soup version 0.28.0-1-gb440e238dd (webtiles) character file.

Game seed: 10022023909537470525

2951 Bloodgem the Fighter (level 9, -7/82 HPs)
             Began as a Minotaur Fighter on Feb 21, 2022.
             Was a Priest of Okawaru.
             Mangled by Pikel (13 damage)
             ... on level 7 of the Dungeon.
             The game lasted 00:11:54 (6904 turns).

Bloodgem the Fighter (Minotaur Fighter)             Turns: 6904, Time: 00:11:54

Health: -7/82      AC: 16    Str: 25    XL:     9   Next: 51%
Magic:  6/8        EV: 10    Int:  5    God:    Okawaru [***...]
Gold:   374        SH:  0    Dex: 10    Spells: 8/8 levels left

rFire   . . .      SeeInvis .   a - +0 war axe
rCold   . . .      Faith    .   m - orb {mayhem}
rNeg    + . .      Spirit   .   q - +0 chain mail
rPois   .          Reflect  .   (helmet restricted)
rElec   .          Harm     .   (no cloak)
rCorr   +          Rampage  .   w - +2 pair of gloves
Will    .....                   (no boots)
Stlth   ..........              b - amulet of the acrobat
HPRegen 0.23/turn               r - ring of resist corrosion
MPRegen 0.11/turn               B - ring of positive energy

@: lethally poisoned (-7 -> -21), heroic
A: horns 2, retaliatory headbutt
a: Renounce Religion, Heroism


You were on level 7 of the Dungeon.
You worshipped Okawaru.
Okawaru was most pleased with you.
You visited 1 branch of the dungeon, and saw 7 of its levels.

You collected 374 gold pieces.

Inventory:

Hand Weapons
 a - a +0 war axe (weapon)
Missiles
 c - a throwing net
 h - 9 poisoned darts
 k - 3 datura-tipped darts (quivered)
Armour
 m - an orb of mayhem (worn)
 q - a +0 chain mail (worn)
 w - a +2 pair of gloves (worn)
Jewellery
 b - an amulet of the acrobat (around neck)
 r - a ring of resist corrosion (left hand)
 B - a ring of positive energy (right hand)
 C - a ring of wizardry
Wands
 p - a wand of paralysis (7)
 s - a wand of iceblast (31)
 x - a wand of polymorph (12)
 D - a wand of flame (7)
 E - a wand of acid (10)
Scrolls
 e - 3 scrolls of teleportation {unknown}
 f - a scroll of acquirement {unknown}
 g - 2 scrolls of enchant weapon {unknown}
 i - 4 scrolls of identify {unknown}
 j - a scroll of immolation {unknown}
 l - 3 scrolls of amnesia {unknown}
 o - 4 scrolls of fear {unknown}
 t - a scroll of magic mapping {unknown}
 y - a scroll of fog {unknown}
 z - a scroll of enchant armour {unknown}
Potions
 d - 2 potions of might
 n - a potion of flight {unknown}
 u - 2 potions of curing {unknown}
 v - 2 potions of brilliance {unknown}
 A - a potion of magic {unknown}


   Skills:
 + Level 8.8(13.8) Fighting
 + Level 8.3(13.3) Axes
 + Level 8.7(13.7) Armour
 + Level 8.7(13.7) Shields


You had 8 spell levels left.
You didn't know any spells.
Your spell library contained the following spells:

 Spells                   Type           Power      Damage    Failure   Level
 Inner Flame              Hex/Fire       0%         N/A       100%        3
 Lesser Beckoning         Tloc           0%         N/A       100%        3
 Portal Projectile        Hex/Tloc       0%         N/A       100%        3
 Cause Fear               Hex            0%         N/A       100%        4
 Fireball                 Conj/Fire      0%         3d3       100%        5
 Iskenderun's Battlesphe  Conj           0%         2d6       100%        5
 Conjure Ball Lightning   Conj/Air       0%         3x3d6     100%        6
 Iron Shot                Conj/Erth      0%         9d1       100%        6
 Orb of Destruction       Conj           0%         9d5       100%        7
 Storm Form               Tmut/Air       0%         N/A       100%        7
 Discord                  Hex            0%         N/A       100%        8
 Maxwell's Capacitive Co  Air            0%         ∞         100%        8
 Summon Lightning Spire   Summ/Air       Unusable   N/A       N/A         4
 Spellforged Servitor     Conj/Summ      Unusable   N/A       N/A         7

Dungeon Overview and Level Annotations

Branches:
Dungeon (7/15)
 Temple: D:4-7

Altars:
Dithmenos
Okawaru
Ru
Trog
Wu Jian
Zin

Shops:
D:3 *

Annotations:
D:7 Pikel


Innate Abilities, Weirdness & Mutations

You have a pair of horns on your head.
You reflexively headbutt those who attack you in melee.


Message History

You hit the water moccasin.
You feel extremely sick.
The water moccasin bites you but does no damage.
Pikel barely misses you.
The water moccasin bites you but does no damage.
You closely miss Pikel.
Pikel is severely wounded.
You slash the water moccasin!
You feel very sick. The water moccasin bites you.
You are more poisoned.
The water moccasin poisons you!
Pikel hits you with a +0 whip of freezing.
Pikel freezes you.
You hit Pikel but do no damage. Your headbutt misses Pikel.
Pikel is severely wounded.
You slash the water moccasin!
You kill the water moccasin!
Okawaru accepts your kill.
Pikel flies into a frenzy!
* * * LOW HITPOINT WARNING * * *
You feel extremely sick. Pikel completely misses you. Pikel barely misses you.
An orc priest comes into view. It is wielding a +0 flail.
The orc priest shouts!
You slash Pikel!
Pikel is almost dead.
* * * LOW HITPOINT WARNING * * *
You feel very sick.
You hear a shout!
Pikel barely misses you.
Pikel hits you with a +0 whip of freezing.
* * * LOW HITPOINT WARNING * * *
Pikel freezes you.
* * * LOW HITPOINT WARNING * * *
You gain the combat prowess of a mighty hero.
* * * LOW HITPOINT WARNING * * *
You feel very sick.
Pikel hits you with a +0 whip of freezing!
You die...

... ......... #...
#........ ....
......... .....
#........
...##....o... #
........... ##.
##......... #...
#@K........
#..##.#........
#....#....!...
#.†.##........
.......|........
.....####.........
..... #........
.... #........ ...
..


You could see an orc priest and the neutral Pikel (fast, strong, insane).

Vanquished Creatures
  3 yaks (D:5)
  A steam dragon (D:6)
  2 water moccasins
  Duvessa (D:6)
  2 black bears
  A sky beast (D:7)
  A necrophage (D:5)
  3 ogres
  2 centaurs (D:6)
  A phantom (D:5)
  4 lemures
  A bullfrog (D:6)
  3 scorpions
  A water moccasin zombie (D:5)
  A water moccasin skeleton (D:5)
  Dowan (D:6)
  3 wights (D:6)
  A howler monkey (D:6)
  A bullfrog zombie (D:5)
  A centaur zombie (D:6)
  2 hounds
  A jelly (D:6)
  A bullfrog skeleton (D:6)
  A centaur skeleton (D:2)
  An iguana (D:4)
  An orc wizard (D:5)
  A hound skeleton (D:4)
  A howler monkey zombie (D:5)
  3 gnolls (D:2)
  14 adders
  2 white imps (D:5)
  A worm (D:3)
  A dart slug (D:3)
  5 orcs
  A bat (D:2)
  4 endoplasms
  4 giant cockroaches
  4 goblins
  9 hobgoblins
  5 jackals
  4 kobolds
  4 quokkas
  9 ball pythons
  4 frilled lizards
  2 rats
119 creatures vanquished.

Vanquished Creatures (collateral kills)
  A yak (D:5)
  An adder (D:5)
  3 orcs (D:3)
5 creatures vanquished.

Vanquished Creatures (others)
  An orc (D:5)
1 creature vanquished.

Grand Total: 125 creatures vanquished

Notes
Turn   | Place    | Note
-------+----------+-------------------------------------------
     0 | D:1      | Bloodgem the Minotaur Fighter began the quest for the Orb.
     0 | D:1      | Reached XP level 1. HP: 19/19 MP: 0/0
   280 | D:1      | Reached XP level 2. HP: 23/27 MP: 1/1
   837 | D:2      | Reached XP level 3. HP: 33/33 MP: 2/2
  1417 | D:2      | Reached XP level 4. HP: 37/41 MP: 3/3
  1802 | D:3      | Reached XP level 5. HP: 39/47 MP: 4/4
  2033 | D:3      | Got the Volume of the Cobbler
  2343 | D:3      | Found Zin's Purification Station.
  2345 | D:3      | Found a glowing silver altar of Zin.
  2599 | D:4      | Found a bloodstained altar of Trog.
  2604 | D:4      | Reached skill level 5 in Fighting
  2604 | D:4      | Reached skill level 5 in Shields
  2610 | D:4      | Found a shadowy altar of Dithmenos.
  2619 | D:4      | Reached skill level 5 in Armour
  2722 | D:4      | Found an iron altar of Okawaru.
  2734 | D:4      | Became a worshipper of Warmaster Okawaru
  2788 | D:4      | Reached XP level 6. HP: 50/56 MP: 5/5
  3122 | D:5      | Entered Level 5 of the Dungeon
  3396 | D:5      | Reached * piety under Okawaru
  3397 | D:5      | Reached skill level 5 in Axes
  3397 | D:5      | Reached XP level 7. HP: 35/62 MP: 6/6
  3780 | D:5      | Noticed a yak
  3780 | D:5      | Noticed a yak
  3780 | D:5      | Noticed a yak
  3780 | D:5      | Noticed a yak
  3794 | D:5      | Killed a yak
  3799 | D:5      | Killed a yak
  3799 | D:5      | Killed a yak
  3799 | D:5      | Reached ** piety under Okawaru
  3800 | D:5      | Reached XP level 8. HP: 52/71 MP: 5/7
  5073 | D:5      | Found an ornate altar of the Wu Jian Council.
  5106 | D:6      | Noticed Duvessa
  5106 | D:6      | Noticed Dowan
  5117 | D:6      | Killed Duvessa
  5118 | D:6      | Killed Dowan
  5318 | D:6      | Reached *** piety under Okawaru
  5319 | D:6      | Reached XP level 9. HP: 32/81 MP: 8/8
  6138 | D:6      | Found a sacrificial altar of Ru.
  6688 | D:7      | Noticed Pikel
  6904 | D:7      | Mangled by Pikel

Illustrated notes

Levels and vault maps discovered:
D:1:      saegor_arrival_simple_a, layout_basic
D:2:      layout_loops_ring
D:3:      layout_basic, zin_purify, chequers_serial_rivers_small_3
D:4:      layout_rooms, mainiacjoe_overflow_alcove_2, grunt_temple_overflow_open
D:5:      layout_basic, nicolae_wu_jian_immortal_techniques
D:6:      layout_loops_ring, nicolae_ru_sacrificial_ziggurat, uniq_duvessa
D:7:      layout_rooms, worldfamousw_hep_ancestral_shrine,
          minmay_temple_entry_proselytizer, serial_shops, kennysheep_little_box,
          uniq_pikel

Skill      XL: |  1  2  3  4  5  6  7  8  9 |
---------------+----------------------------+-----
Fighting       | 4 5 6 7 8 |  8.8
Axes           | 3 4 5 6 7 8 |  8.3
Armour         | 4 5 6 7 8 |  8.7
Shields        | 4 5 6 7 8 |  8.7

Action                   |  1- 3 |  4- 6 |  7- 9 || total
-------------------------+-------+-------+-------++-------
Melee: War axe           |    89 |   106 |   191 ||   386
       Headbutt          |     8 |    15 |    38 ||    61
Invok: Heroism           |       |       |     2 ||     2
Armor: Scale mail        |    47 |    24 |       ||    71
       Chain mail        |       |    32 |   110 ||   142
Dodge: Dodged            |    49 |    72 |   118 ||   239
Block: Buckler           |    19 |       |       ||    19
